 Dungeon Crawl Stone Soup version 0.31-a0-1522-g43313d8a59 (webtiles) character file.

Game seed: 11915859100532697838

11551 Fodor the Protected (level 11, -3/99 HPs)
             Began as a Minotaur Fighter on Dec 31, 2023.
             Was an Initiate of Gozag.
             Killed by divine providence
             ... invoked by an orc priest
              (16 damage)
             ... on level 10 of the Dungeon.
             The game lasted 00:52:31 (11228 turns).

Fodor the Protected (Minotaur Fighter)             Turns: 11228, Time: 00:52:31

Health: -3/99      AC: 16    Str: 24    XL:     11   Next: 50%
Magic:  10/10      EV: 25    Int:  5    God:    Gozag
Gold:   391        SH:  0    Dex: 11    Spells: 10/10 levels left

rFire   . . .        J - +2 halberd (heavy)
rCold   + . .        (shield currently unavailable)
rNeg    . . .        D - +3 chain mail {rPois}
rPois   +            (helmet restricted)
rElec   .            (no cloak)
rCorr   .            t - +0 pair of gloves
SInv    .            (no boots)
Will    .....        M - amulet of the acrobat Stlth
                     s - ring of protection from fire
HPRegen 0.36/turn    u - ring of ice
MPRegen 0.12/turn

%: acrobat
@: acrobatic, hasted, very quick
A: horns 2, retaliatory headbutt
a: Renounce Religion, Potion Petition, Call Merchant, Bribe Branch


You were on level 10 of the Dungeon.
You worshipped Gozag.
Gozag was aware of your devotion.
You visited 2 branches of the dungeon, and saw 11 of its levels.
You also visited: Ossuary and Bailey.

You collected 686 gold pieces.
You spent 45 gold pieces at shops.
You paid 250 gold pieces to Gozag.

Inventory:

Hand Weapons
 J - a +2 heavy halberd (weapon)
 L - a +1 shortbow of draining
Missiles
 G - 6 boomerangs (quivered)
Armour
 f - a scarf of shadows
 t - a +0 pair of gloves (worn)
 w - a +2 buckler
 D - a +3 chain mail of poison resistance (worn)
Jewellery
 s - a ring of protection from fire (left hand)
 u - a ring of ice (right hand)
 M - an amulet of the acrobat (around neck)
Talismans
 a - a serpent talisman
Wands
 C - a wand of flame (7)
Scrolls
 b - 2 scrolls of brand weapon
 c - 4 scrolls of revelation
 e - 4 scrolls of fog
 g - 2 scrolls of poison
 j - 2 scrolls of fear
 o - 3 scrolls of teleportation
 p - a scroll of noise
 q - a scroll of amnesia
 v - 3 scrolls of blinking
 y - 5 scrolls of enchant weapon
 A - 3 scrolls of immolation
Potions
 d - 3 potions of might
 h - a potion of enlightenment {unknown}
 i - 2 potions of haste
 k - 2 potions of berserk rage {unknown}
 l - a potion of ambrosia {unknown}
 m - 3 potions of invisibility
 n - 3 potions of brilliance
 r - 2 potions of curing
 x - 4 potions of degeneration {unknown}
 z - a potion of lignification {unknown}
 B - a potion of attraction {unknown}
 E - 3 potions of mutation {unknown}
 H - 2 potions of cancellation {unknown}
 I - 2 potions of resistance {unknown}
 K - a potion of magic {unknown}


   Skills:
 + Level 10.1 Fighting
 + Level 9.4(12.2) Axes
 + Level 10.2(11.8) Maces & Flails
 + Level 7.0(9.2) Polearms
 + Level 1.4 Throwing
 + Level 10.9 Armour
 + Level 4.9 Dodging
 + Level 2.1 Stealth
 + Level 4.7 Shields


You had 10 spell levels left.
You didn't know any spells.
Your spell library contained the following spells:

 Spells                   Type           Power      Damage    Failure   Level
 Inner Flame              Hex/Fire       0%         N/A       100%        3
 Ignite Poison            Fire/Alch      0%         N/A       100%        4
 Sticky Flame             Fire/Alch      0%         2d4       100%        4
 Irradiate                Conj/Alch      0%         3d11      100%        5
 Ignition                 Fire           0%         3d3       100%        8


Dungeon Overview and Level Annotations

Branches:
Dungeon (10/15)            Temple (1/1) D:5         Ossuary (visited)
 Bailey (visited)
   Lair: D:8-11         Orc: D:9-12

Altars:
Ashenzari
Cheibriados
Dithmenos
Elyvilon
Fedhas
Gozag
Hepliaklqana
Kikubaaqudgha
Makhleb
Nemelex Xobeh
Okawaru
Qazlal
Ru
Sif Muna
Trog
Uskayaw
Vehumet
Wu Jian
Xom
Yredelemnul
Zin
The Shining One

Shops:
D:9 *


Innate Abilities, Weirdness & Mutations

You have a pair of horns on your head.
You reflexively headbutt those who attack you in melee.


Message History

The yak barely misses you. The orc closely misses you.
The yak is distracted by your dazzling golden aura.
The yak gores you. The yak closely misses you. You furiously retaliate!
You headbutt the yak, but do no damage. The orc priest hits you with a +0 mace.
* * * LOW HITPOINT WARNING * * *
A wraith comes into view.
The yak closely misses you. The orc hits you but does no damage.
The yak bellows!
An orc priest comes into view. It is wielding a +0 club.
The yak gores you.
* * * LOW HITPOINT WARNING * * *
The orc priest mumbles some strange prayers to Beogh against you.
You struggle to resist.
The orc closely misses you.
You see here 22 gold pieces.
The yak is no longer distracted by gold.
An orc comes into view. It is wielding a +0 trident.
The orc priest looks braver for a moment.
The orc priest mumbles some strange prayers to Beogh against you.
Beogh smites you!
* * * LOW HITPOINT WARNING * * *
The yak attacks as it pursues you! The yak misses you.
The orc hits you but does no damage. The yak attacks as it pursues you!
The yak gores you!
* * * LOW HITPOINT WARNING * * *
You feel better. The yak barely misses you. You furiously retaliate!
You headbutt the yak!
The orc priest mumbles some strange prayers to Beogh against you.
Beogh smites you!
* * * LOW HITPOINT WARNING * * *
You feel better. The yak misses you.
You feel better. The yak closely misses you. The yak barely misses you.
You feel yourself speed up. The yak gores you but does no damage.
The orc priest calls down the wrath of Beogh upon you.
Beogh smites you!
* * * LOW HITPOINT WARNING * * *
The yak gores you but does no damage.
The orc priest mumbles some strange prayers to Beogh against you.
Beogh smites you!
You die...
Your body crumbles into a pile of gold.

.......# #..# #...# .......######
#..# #...# ............## #..#
#...# .......####..# #..# #...#
.......# ##.###..# #...#
###########.......#######$..#####
...................Y.oooW........
#########.######...YoYo.o........
# #.# #@.######..######. # #.#
#..# #..# # #.# #..# #..# # #.#
#..# ..o. .. ... .... ...... ##
.## :..<.. ........ # ..###. # ..
#. # #


You could see 3 yaks, 3 orc priests and 2 orcs.

Vanquished Creatures
  2 vault guards (Bailey)
  Pikel (D:4)
  The ghost of Midpoint the Ruffian, a novice FoSh (D:5)
  A troll (D:9)
  Prince Ribbit (Bailey)
  A hornet (D:9)
  2 wyverns
  A vampire (D:10)
  2 wraiths
  7 yaks
  7 humans (Bailey)
  A steam dragon (D:8)
  2 vampire mosquitoes (D:10)
  An acid dragon (D:10)
  2 water moccasins
  An ice beast (D:8)
  Pargi (D:3)
  3 orc warriors
  A sky beast (D:6)
  5 centaurs
  4 ogres
  2 lemures (D:4)
  5 kobold brigands
  4 phantoms
  15 bullfrogs
  3 scorpions
  15 wights
  6 killer bees
  3 howler monkeys
  A bombardier beetle (D:7)
  2 centaur zombies (D:10)
  5 orc priests
  6 hounds
  4 jellies
  2 gnoll boudas
  Ijyb (D:4)
  Natasha (thrice) (D:4)
  3 iguanas
  7 orc wizards
  8 mummies (Ossuary)
  Robin (D:4)
  8 gnolls
  10 adders
  4 white imps
  A dart slug (D:5)
  2 ribbon worms
  29 orcs
  6 ball pythons
  6 endoplasms
  4 giant cockroaches
  3 gnoll zombies (Ossuary)
  16 goblins
  9 hobgoblins
  9 jackals
  4 quokkas
  2 bats (D:1)
  2 frilled lizards
  2 hobgoblin zombies (Ossuary)
  26 kobolds
  2 kobold zombies (Ossuary)
  An orc zombie (Ossuary)
  12 rats
301 creatures vanquished.

Vanquished Creatures (others)
  An orc wizard (D:8)
  An orc (D:9)
2 creatures vanquished.

Grand Total: 303 creatures vanquished

Notes
Turn   | Place    | Note
-------+----------+-------------------------------------------
     0 | D:1      | Fodor the Minotaur Fighter began the quest for the Orb.
     0 | D:1      | Reached XP level 1. HP: 19/19 MP: 0/0
    57 | D:1      | Reached XP level 2. HP: 25/27 MP: 1/1
   196 | D:1      | Found a faded altar of an unknown god.
   280 | D:1      | Reached XP level 3. HP: 23/33 MP: 2/2
   899 | D:2      | Reached XP level 4. HP: 37/40 MP: 3/3
  1499 | D:3      | Found a snail-covered altar of Cheibriados.
  1711 | D:3      | Noticed Pargi
  1723 | D:3      | Killed Pargi
  1724 | D:3      | Reached skill level 5 in Armour
  1724 | D:3      | Reached skill level 1 in Dodging
  1724 | D:3      | Reached XP level 5. HP: 29/47 MP: 4/4
  2333 | D:3      | Found a burning altar of Makhleb.
  2476 | D:4      | Found a sand-covered staircase.
  2481 | Ossuary  | Entered an ossuary
  2506 | Ossuary  | Reached XP level 6. HP: 18/53 MP: 5/5
  2691 | Ossuary  | Reached skill level 5 in Fighting
  2898 | D:4      | Noticed Robin
  2906 | D:4      | Killed Robin
  3017 | D:4      | Found a hide-covered altar of Uskayaw.
  3054 | D:4      | Noticed Pikel
  3089 | D:4      | Killed Pikel
  3090 | D:4      | Reached XP level 7. HP: 18/63 MP: 6/6
  3124 | D:4      | Noticed Ijyb
  3129 | D:4      | Noticed Natasha
  3151 | D:4      | Killed Natasha
  3156 | D:4      | Killed Ijyb
  3172 | D:4      | Reached XP level 8. HP: 34/70 MP: 7/7
  3186 | D:4      | Noticed Natasha
  3195 | D:4      | Killed Natasha
  3199 | D:4      | Noticed Natasha
  3218 | D:4      | Killed Natasha
  3219 | D:4      | Reached skill level 1 in Stealth
  3569 | D:4      | Found an ancient bone altar of Kikubaaqudgha.
  3803 | D:5      | Entered Level 5 of the Dungeon
  3803 | D:5      | Noticed Midpoint's ghost (novice FoSh)
  3803 | D:5      | Found a transporter.
  3803 | D:5      | Found a transporter.
  3805 | D:5      | Found a staircase to the Ecumenical Temple.
  3845 | Temple   | Entered the Ecumenical Temple
  4408 | D:5      | Identified the +3 great mace "Ganamefe" {elec, rPois Will++
                  | Int-3 SInv}
  4488 | D:5      | Killed Midpoint's ghost
  4785 | D:6      | Found a sparkling altar of Nemelex Xobeh.
  5009 | D:6      | Reached XP level 9. HP: 71/79 MP: 8/8
  5074 | D:6      | Reached skill level 1 in Maces & Flails
  6051 | D:6      | Reached skill level 5 in Maces & Flails
  6177 | D:7      | Found a flagged portal.
  6220 | Bailey   | Entered a bailey
  6359 | Bailey   | Reached XP level 10. HP: 52/88 MP: 9/9
  6683 | Bailey   | Noticed a vault guard
  6694 | Bailey   | Killed a vault guard
  6881 | Bailey   | Noticed a vault guard
  6881 | Bailey   | Noticed Prince Ribbit
  6896 | Bailey   | Killed a vault guard
  6919 | Bailey   | Killed Prince Ribbit
  7193 | D:7      | Reached skill level 10 in Maces & Flails
  7644 | D:7      | Reached skill level 1 in Polearms
  7872 | D:7      | Reached skill level 10 in Armour
  8161 | D:8      | Reached XP level 11. HP: 73/99 MP: 10/10
  8709 | D:8      | Found a shimmering blue altar of Sif Muna.
  9598 | D:9      | Reached skill level 1 in Throwing
  9599 | D:9      | Reached skill level 5 in Polearms
 10169 | D:9      | Found Mozeakh's General Store.
 10178 | D:9      | Bought a scroll of teleportation for 45 gold pieces
 10301 | D:9      | Found a glowing golden altar of the Shining One.
 10303 | D:9      | Found a radiant altar of Vehumet.
 10304 | D:9      | Found an ornate altar of the Wu Jian Council.
 10305 | D:9      | Found a shadowy altar of Dithmenos.
 10707 | D:10     | Entered Level 10 of the Dungeon
 10911 | D:10     | Found a shimmering altar of Xom.
 10966 | D:10     | Found an opulent altar of Gozag.
 10997 | D:10     | Became a worshipper of Gozag Ym Sagoz the Greedy
 11167 | D:10     | Found a basalt altar of Yredelemnul.
 11210 | D:10     | Reached skill level 10 in Fighting
 11219 | D:10     | HP: 4/99 [yak (8)]
 11228 | D:10     | Killed from afar by an orc priest

Illustrated notes

Levels and vault maps discovered:
D:1:      psy_arrival_statuary, layout_rooms,
          dilly_ecumenical_altar_fadedgnrine, serial_bayou_ford_a,
          minmay_pentomino_z4
D:2:      layout_basic
D:3:      cheibrodos_helix_gallery, layout_basic,
          mainiacjoe_overflow_concentric_impassable,
          mainiacjoe_overflow_catwalk, uniq_pargi
D:4:      layout_rooms, kennysheep_little_box, general_overflow_altar,
          enter_ossuary_5, uniq_ijyb, uniq_robin, uniq_natasha, uniq_pikel
D:5:      layout_cave_pools, temple_pool_b, gammafunk_ghost_smash
D:6:      kennysheep_six_static_rooms, layout_layer_cave,
          nemelex_diamond_rough_becter
D:7:      layout_layer_cave, enter_bailey_5, item_on_display_b
D:8:      layout_loops_corners, tgw_sif, amcnicky_mini_pool_small
D:9:      layout_loops_ring, chequers_temple_overflow_statue_of_worship,
          serial_shops, shop, st_stairs_11, nicolae_tricolors
D:10:     layout_small_grid, lemuel_zombie_altar_yredelemnul,
          mainiacjoe_overflow_large_starburst, david_orc_3, special_room
          [special_room_orc], fungi_pond_lemuel, kennysheep_another_room,
          st_stairs_8
Temple:   hellmonk_temple_beads

Skill      XL: |  1  2  3  4  5  6  7  8  9 10 11 |
---------------+----------------------------------+-----
Fighting       | 4 6 7 8 9 10 | 10.1
Shields        | 4 |  4.7
Armour         | 4 5 6 8 10 | 10.9
Axes           | 3 4 6 9 |  9.4
Dodging        | 1 2 3 4 |  4.9
Stealth        | 1 2 |  2.1
Maces & Flails | 7 10 | 10.2
Polearms       | 2 7 |  7.0
Throwing       | 1 |  1.4

Action                     |  1- 3 |  4- 6 |  7- 9 | 10-12 || total
---------------------------+-------+-------+-------+-------++-------
  Melee: War axe           |    73 |   122 |   101 |       ||   296
         Headbutt          |    10 |    26 |    32 |    48 ||   116
         Punch             |       |     1 |     3 |       ||     4
         Great mace        |       |       |   122 |    57 ||   179
         Halberd           |       |       |       |   210 ||   210
  Throw: Boomerang         |       |       |       |    12 ||    12
    Use: Potion            |       |     2 |     4 |     6 ||    12
         Scroll            |       |       |       |    11 ||    11
   Stab: Invisible         |       |       |     3 |       ||     3
 Armour: Scale mail        |    73 |   112 |    51 |       ||   236
         Chain mail        |       |       |   225 |   451 ||   676
  Dodge: Dodged            |    52 |    97 |   156 |   320 ||   625
  Block: Buckler           |    28 |     8 |       |       ||    36

Table legend: (Time is in decaauts)
 A = Elapsed time spent in this place.
 B = Non-inter-level travel time spent in this place.
 C = Inter-level travel time spent in this place.
 D = Time resting spent in this place.
 E = Time spent auto-exploring this place.
 F = Levels seen in this place.
 G = Mean time per level.
                   A        B        C        D        E       F      G
               +--------+--------+--------+--------+--------+-----+--------+
         Total |  11503 |  11226 |    277 |   2703 |      0 |  13 |  884.8 |
       Dungeon |  10300 |  10047 |    253 |   2088 |      0 |  10 | 1030.0 |
        Temple |     87 |     63 |     24 |      0 |      0 |   1 |   87.0 |
       Ossuary |    378 |    378 |      0 |    166 |      0 |   1 |  378.0 |
        Bailey |    737 |    737 |      0 |    449 |      0 |   1 |  737.0 |
               +--------+--------+--------+--------+--------+-----+--------+

Top non-repeatable levels by time:
     D:8: 1516 daAuts
     D:6: 1464 daAuts
     D:7: 1266 daAuts
     D:9: 1171 daAuts
     D:3: 1093 daAuts
     D:4: 977 daAuts
     D:5: 850 daAuts
     D:2: 805 daAuts
  Bailey: 737 daAuts
     D:1: 613 daAuts
    D:10: 539 daAuts
 Ossuary: 378 daAuts
  Temple: 87 daAuts
